 Dungeon Crawl Stone Soup version 0.30-b1-2-g02819fbbbe (webtiles) character file.

Game seed: 18094012984873144512

3204 MisterFreud the Transmogrifier (level 9, -1/82 (85) HPs)
             Began as a White Draconian Transmuter on June 3, 2023.
             Was an Initiate of Yredelemnul.
             Slain by a wight
             ... wielding a +4 dire flail of freezing
              (3 damage)
             ... on level 8 of the Dungeon.
             The game lasted 00:07:59 (6794 turns).

MisterFreud the Transmogrifier (DrTm)               Turns: 6794, Time: 00:08:00

HP:   -1/82 (85)    AC:  8    Str: 13    XL:     9   Next: 65%
MP:   10/12         EV: 12    Int: 21    God:    Yredelemnul [......]
Gold: 348           SH:  5    Dex: 14    Spells: 5/12 levels left

rFire   x .          .
                       - Unarmed
rCold   + + +        (shield currently unavailable)
rNeg    . . .        (body armour unavailable)
rPois   +            (helmet currently unavailable)
rElec   .            h - melded +0 cloak
rCorr   .            (gloves currently unavailable)
SInv    .            (boots currently unavailable)
Will    .....        f - amulet of reflection
Stlth   +            o - +6 ring of intelligence
HPRegen 0.33/turn    g - ring of protection from cold
MPRegen 0.13/turn

%: reflection
@: ice-form, lightly drained
A: freezing attack, amphibious, boosted hp, (breathe frost), AC +7, large,
unfitting armour, (cold resistance 1), (cold-blooded)
a: End Transformation, Renounce Religion, Recall Undead Harvest


You were on level 8 of the Dungeon.
You worshipped Yredelemnul.
Yredelemnul was noncommittal.
You were a creature of crystalline ice.
You visited 1 branch of the dungeon, and saw 8 of its levels.

You collected 348 gold pieces.

Inventory:

Missiles
 k - 4 boomerangs
 m - 7 poisoned darts
 w - 6 atropa-tipped darts
Armour
 h - a +0 cloak (melded)
Jewellery
 f - an amulet of reflection (around neck)
 g - a ring of protection from cold (right front paw)
 j - an amulet of magic regeneration
 o - a +6 ring of intelligence (left front paw)
 A - a ring of ice
Wands
 e - a wand of polymorph (2)
 q - a wand of quicksilver (13)
 y - a wand of paralysis (10)
 C - a wand of flame (10)
Scrolls
 l - a scroll of fear
 p - 2 scrolls of enchant armour
 u - a scroll of amnesia
 v - a scroll of teleportation
Potions
 a - a potion of lignification
 b - 3 potions of heal wounds
 c - 2 potions of magic
 d - 2 potions of flight {unknown}
 i - 3 potions of might
 n - 2 potions of invisibility {unknown}
 r - 3 potions of ambrosia {unknown}
 s - 3 potions of curing {unknown}
 t - a potion of berserk rage {unknown}
 z - a potion of degeneration {unknown}


   Skills:
 - Level 4.0 Fighting
 + Level 7.1 Dodging
 - Level 6.0 Unarmed Combat
 - Level 2.0 Spellcasting
 - Level 8.0 Transmutations
 - Level 4.0 Ice Magic
 + Level 4.3 Invocations


You had 5 spell levels left.
You knew the following spells:

 Your Spells              Type           Power      Damage    Failure   Level
a - Ice Form              Ice/Tmut       27%        N/A       12%         4
b - Spider Form           Tmut/Pois      18%        N/A       9%          3

Your spell library contained the following spells:

 Spells                   Type           Power      Damage    Failure   Level
 Beastly Appendage        Tmut           70%        N/A       1%          1
 Wereblood                Tmut           35%        N/A       1%          2
 Passwall                 Tmut/Erth      15%        N/A       4%          2
 Ozocubu's Armour         Ice            18%        N/A       9%          3
 Ensorcelled Hibernation  Hex/Ice        20%        N/A       10%         2
 Swiftness                Air            2%         N/A       41%         3
 Alistair's Intoxication  Tmut/Pois      12%        N/A       61%         5
 Borgnjor's Vile Clutch   Necr/Erth      1%         N/A       99%         5
 Eringya's Noxious Bog    Tmut/Pois      9%         N/A       99%         6
 Ozocubu's Refrigeration  Ice            9%         4d9       100%        7


Dungeon Overview and Level Annotations

Branches:
Dungeon (8/15)             Temple (0/1) D:5
   Lair: D:8-11

Altars:
Ashenzari
Hepliaklqana
Okawaru
Qazlal
Ru
Wu Jian
Yredelemnul

Annotations:
D:3 2 runed translucent doors, Clive's ghost, weakling MiFi


Innate Abilities, Weirdness & Mutations

You are a creature of crystalline ice.
You have a powerful freezing melee attack.
You are amphibious.
Your maximum health is increased.
Your armour is entirely melded.
You are incapable of wielding weapons or throwing items.
((You can breathe waves of freezing cold which knock back foes.))
((Your icy white scales are hard. (AC +7)))
You cannot fit into any form of body armour.
((Your flesh is cold resistant. (rC+)))
((You are cold-blooded and may be slowed by cold attacks.))


Message History

Your Invocations skill increases to level 4!
No target in view!
Items here: ))) [[[.
No target in view!
There is a stone staircase leading down, spattered with blood here.
You climb downwards.
There is a stone staircase leading up, spattered with blood here.
Found an escape hatch in the floor.
The steam dragon breathes steam at you. The ball of steam hits you!!
The steam scalds you terribly!
You hear an angry growl.
You are too injured to fight recklessly!
You are too injured to fight recklessly!
You are too injured to fight recklessly!
Unknown command.
The steam dragon bites you. The steam dragon barely misses you.
You punch the steam dragon! You freeze the steam dragon.
The steam dragon is heavily wounded.
The wight hits you with a +4 dire flail of freezing!
* * * LOW HITPOINT WARNING * * *
The steam dragon bites you.
* * * LOW HITPOINT WARNING * * *
The steam dragon completely misses you.
Unknown command.
You hit the steam dragon. You freeze the steam dragon.
The steam dragon is severely wounded.
The wight hits you with a +4 dire flail of freezing.
* * * LOW HITPOINT WARNING * * *
The steam dragon completely misses you. The steam dragon barely misses you.
You punch the steam dragon! You freeze the steam dragon.
You kill the steam dragon!
The wight hits you with a +4 dire flail of freezing.
* * * LOW HITPOINT WARNING * * *
Your Dodging skill increases to level 7!
Unknown command.
The wight hits you with a +4 dire flail of freezing!
* * * LOW HITPOINT WARNING * * *
You feel drained.
You die...
Your body rises from the dead as a mindless zombie.

## .## ..
##.##
#...#
##♣Yz.♣##
#.§§....#
#§<.♣.>.#
#.......#
##♣.<.♣##
#...#
#####


You could see a wight.

Vanquished Creatures
  Pikel (D:6)
  Sigmund (D:2)
  A steam dragon (D:8)
  A water moccasin (D:7)
  2 ice beasts (D:5)
  3 orc warriors
  A sky beast (D:7)
  2 ogres
  2 centaurs
  2 bullfrogs (D:7)
  8 scorpions
  3 wights (D:7)
  A howler monkey (D:6)
  4 orc priests
  A hound (D:5)
  4 iguanas
  2 orc wizards
  4 gnolls (D:5)
  8 adders
  A white imp (D:5)
  An ufetubus (D:5)
  A dart slug (D:1)
  22 orcs
  7 ball pythons
  5 endoplasms
  3 giant cockroaches
  11 goblins
  5 hobgoblins
  3 jackals (D:2)
  5 quokkas
  5 bats
  2 frilled lizards
  5 kobolds
  5 rats
132 creatures vanquished.

Vanquished Creatures (collateral kills)
  An ogre (D:6)
  A hound (D:6)
  An orc wizard (D:7)
  An ufetubus (D:5)
  5 orcs
9 creatures vanquished.

Vanquished Creatures (others)
  A hound zombie (D:5)
  An adder zombie (D:5)
  6 orc zombies (D:4)
8 creatures vanquished.

Grand Total: 149 creatures vanquished

Notes
Turn   | Place    | Note
-------+----------+-------------------------------------------
     0 | D:1      | MisterFreud the Draconian Transmuter began the quest for
                  | the Orb.
     0 | D:1      | Reached XP level 1. HP: 16/16 MP: 3/3
   443 | D:1      | Reached XP level 2. HP: 23/23 MP: 5/5
   478 | D:1      | Found a faded altar of an unknown god.
   491 | D:1      | Reached skill level 3 in Transmutations
  1110 | D:1      | Reached XP level 3. HP: 28/28 MP: 6/6
  1134 | D:1      | Learned a level 3 spell: Spider Form
  1515 | D:2      | Reached skill level 4 in Transmutations
  1539 | D:2      | Noticed Sigmund
  1548 | D:2      | Killed Sigmund
  1549 | D:2      | Reached skill level 5 in Transmutations
  1549 | D:2      | Reached XP level 4. HP: 37/37 MP: 3/7
  1549 | D:2      | Reached XP level 5. HP: 42/42 MP: 3/8
  1956 | D:3      | Found an iron altar of Okawaru.
  1964 | D:3      | Found a broken altar of Ashenzari.
  1967 | D:3      | Found a stormy altar of Qazlal.
  1967 | D:3      | Found an ornate altar of the Wu Jian Council.
  1974 | D:3      | Found a basalt altar of Yredelemnul.
  1978 | D:3      | Became a worshipper of Yredelemnul the Dark
  2270 | D:3      | Found a runed translucent door.
  2274 | D:3      | Noticed Clive's ghost (weakling MiFi)
  2289 | D:3      | Reached * piety under Yredelemnul
  2434 | D:3      | Found a runed translucent door.
  2603 | D:4      | Learned a level 4 spell: Ice Form
  2643 | D:4      | Reached XP level 6. HP: 49/51 MP: 6/9
  3212 | D:4      | Found a hazy altar of Hepliaklqana.
  3212 | D:4      | Found a sacrificial altar of Ru.
  3257 | D:4      | Reached ** piety under Yredelemnul
  3900 | D:5      | Entered Level 5 of the Dungeon
  3943 | D:5      | Noticed an ice beast
  3952 | D:5      | Killed an ice beast
  3953 | D:5      | Reached skill level 5 in Unarmed Combat
  3953 | D:5      | Your scales start taking on an icy white colour.
  3953 | D:5      | Reached XP level 7. HP: 59/59 MP: 5/10
  3953 | D:5      | Gained mutation: Your flesh is cold resistant. (rC+) [White
                  | Draconian growth]
  4066 | D:5      | Reached skill level 1 in Ice Magic
  4312 | D:5      | Reached *** piety under Yredelemnul
  4314 | D:5      | Reached XP level 8. HP: 66/66 MP: 4/11
  4397 | D:5      | Found a staircase to the Ecumenical Temple.
  4661 | D:6      | Reached skill level 6 in Transmutations
  4943 | D:6      | Reached skill level 7 in Transmutations
  4989 | D:6      | Noticed Pikel
  4997 | D:6      | Killed Pikel
  4998 | D:6      | Reached skill level 5 in Dodging
  4998 | D:6      | Reached XP level 9. HP: 58/71 MP: 7/12
  5193 | D:6      | Reached skill level 8 in Transmutations
  5629 | D:7      | Reached skill level 1 in Invocations
  6794 | D:8      | HP: 2/85 [wight/+4 dire flail of freezing (8)]
  6794 | D:8      | Slain by a wight

Illustrated notes

Levels and vault maps discovered:
D:1:      dpeg_arrival_water_fire, layout_basic, ebering_ecumenical_altar_hall,
          minmay_cupped
D:2:      layout_rooms, uniq_sigmund
D:3:      layout_loops_ring, nicolae_overflow_hallway_of_the_gods,
          ebering_ghost_sewer_f
D:4:      layout_loops_corners, mainiacjoe_overflow_large_starburst,
          st_stairs_4, nicolae_eternal_life, dreamdust_princess_corridor
D:5:      layout_cave_pools, minmay_temple_entry_offerings,
          nicolae_nh_ransacked_shop
D:6:      layout_basic, uniq_pikel
D:7:      layout_loops_corners
D:8:      layout_loops_cross, kiku_gazebo_garden_becter, elyvilon_altar_3,
          marbit_many_paths, grunt_ministairs_7

Skill      XL: |  1  2  3  4  5  6  7  8  9 |
---------------+----------------------------+-----
Transmutations | 3 5 7 8 |  8.0
Fighting       | 2 3 4 |  4.0
Unarmed Combat | 4 5 6 |  6.0
Dodging        | 2 5 7 |  7.1
Ice Magic      | 3 4 |  4.0
Invocations    | 4 |  4.3
Spellcasting   | |  2.0

Action                     |  1- 3 |  4- 6 |  7- 9 || total
---------------------------+-------+-------+-------++-------
  Melee: Unarmed           |   181 |   103 |   171 ||   455
         Tailslap          |    16 |     4 |       ||    20
         Punch             |     2 |       |       ||     2
   Cast: Spider Form       |     2 |     3 |       ||     5
         Ice Form          |       |     1 |    18 ||    19
    Use: Scroll            |     4 |     5 |     3 ||    12
   Stab: Sleeping          |     2 |     1 |       ||     3
         Distracted        |     1 |       |     2 ||     3
 Armour: Skin              |    30 |    17 |    52 ||    99
  Dodge: Dodged            |   132 |    65 |    95 ||   292
  Block: Other             |    21 |    20 |    39 ||    80
         Reflection        |       |       |     4 ||     4
